 Dungeon Crawl Stone Soup version 0.24.0-125-gc4c63601f3 (webtiles) character file.

Game seed: 10534981157448451226, levelgen mode: deterministic

1 Descartes the Caller (level 1, -1/9 HPs)
             Began as a Felid Wanderer on Mar 8, 2020.
             Slain by a kobold (3 damage)
             ... on level 1 of the Dungeon.
             The game lasted 00:01:03 (137 turns).

Descartes the Caller (Felid Wanderer)                Turns: 137, Time: 00:01:03

Health: -1/9       AC:  1    Str:  8    XL:     1   Next: 16%
Magic:  3/3        EV: 15    Int: 13    God:
Gold:   21         SH:  0    Dex: 15    Spells: 2/2 levels left
                                        Lives:  0   Deaths: 0

rFire    . . .     SeeInvis +     - Unarmed
rCold    . . .     Gourm    .   (shield unavailable)
rNeg     . . .     Faith    .   (armour unavailable)
rPois    .         Spirit   .   (helmet unavailable)
rElec    .         Reflect  .   (cloak unavailable)
rCorr    .         Harm     .   (gloves unavailable)
MR       .....                  (boots unavailable)
Stlth    ++........             (no amulet)
HPRegen  0.03/turn              (no ring)
MPRegen  0.08/turn              (no ring)

@: quick
A: very small, no armour, no weapons or thrown items, stealth, claws 1, fangs 3,
see invisible, carnivore, speed 1, shaggy fur 1, slow metabolism 1, sharp paws
a: no special abilities


You were on level 1 of the Dungeon.
You were not hungry.

You visited 1 branch of the dungeon, and saw 1 of its levels.

You collected 21 gold pieces.

Inventory:

Scrolls
 c - a scroll of teleportation
Comestibles
 d - a ration


   Skills:
 + Level 2.0 Fighting
 + Level 0.1 Dodging
 + Level 0.1 Stealth
 * Level 1.0 Unarmed Combat
 + Level 1.0 Spellcasting
   Level 3.0 Summonings
   Level 1.1 Transmutations
   Level 2.1 Evocations


You had 2 spell levels left.
You didn't know any spells.
Your spell library contained the following spells:

 Spells                   Type           Power        Failure   Level  Hunger
 Call Imp                 Summ           #.......     12%         2    ###....
 Magic Dart               Conj           #...         28%         1    ##.....
 Shock                    Conj/Air       #...         28%         1    ##.....
 Blink                    Tloc           N/A          38%         2    ###....
 Slow                     Hex            #.......     38%         2    ###....
 Conjure Flame            Conj/Fire      #.......     63%         3    ####...
 Mephitic Cloud           Conj/Pois/Air  #.......     63%         3    ####...


Dungeon Overview and Level Annotations

Branches:
Dungeon (1/15)

Altars:


Innate Abilities, Weirdness & Mutations

You cannot wear armour.
You are incapable of wielding weapons or throwing items.
Your paws allow you to move quietly. (Stealth)
You have sharp claws.
You have razor-sharp teeth.
You have supernaturally acute eyesight. (SInv)
You are carnivorous and can eat meat at any time.
You cover ground quickly.
You are covered in fur. (AC +1)
You have a slow metabolism.
Your sharp claws are effective at attacking unaware monsters.


Message History

There are monsters nearby!
There's a creature in the doorway!
There's a creature in the doorway!
You barely miss the kobold. The kobold completely misses you.
A hobgoblin comes into view. It is wielding a +0 club.
The hobgoblin shouts!
You scratch the kobold.
The kobold is moderately wounded.
The kobold barely misses you.
You closely miss the kobold.
The kobold is moderately wounded.
The kobold barely misses you.
You scratch the kobold.
The kobold is heavily wounded.
The kobold hits you.
* * * LOW HITPOINT WARNING * * *
You closely miss the kobold.
The kobold is heavily wounded.
The kobold hits you.
You die...

#....#.######.#
#.............##.
.########..###.........
...........# #.#.##.#..
##############g###########
#........#8.8#........#
#........#.gg#........#
#...⌠....##K##....⌠...#
##.........@.........##
######....<....######
##.......## #########


You could see 3 hobgoblins and a kobold.

Vanquished Creatures
  A bat (D:1)
1 creature vanquished.

Notes
Turn   | Place    | Note
-------+----------+-------------------------------------------
     0 | D:1      | Descartes the Felid Wanderer began the quest for the Orb.
     0 | D:1      | Descartes set off with the following items: a scroll of
                  | teleportation, a ration; and the following spells available
                  | to memorise: Call Imp, Magic Dart, Shock, Blink, Slow,
                  | Conjure Flame, Mephitic Cloud
     0 | D:1      | Reached XP level 1. HP: 9/9 MP: 3/3
   137 | D:1      | Slain by a kobold

Levels and vault maps discovered:
D:1:      giann_wishing_wells, layout_loops_ring

Action                   || total
-------------------------++-------
Melee: Unarmed           ||    11
 Stab: Sleeping          ||     1
Armor: Skin              ||     1
Dodge: Dodged            ||     7
